 Dungeon Crawl Stone Soup version 0.19.0-18-g426998a (webtiles) character file.

216 SirGodfroy the Skirmisher (level 5, -8/47 HPs)
             Began as a Minotaur Berserker on Nov 12, 2016.
             Was a Priest of Trog.
             Mangled by an ogre
             ... wielding a +0 giant spiked club
              (26 damage)
             ... on level 4 of the Dungeon.
             The game lasted 00:07:14 (2051 turns).

SirGodfroy the Skirmisher (Minotaur Berserker)      Turns: 2051, Time: 00:07:14

Health: -8/47      AC:  8    Str: 21    XL:     5   Next: 61%
Magic:  4/4        EV: 10    Int:  4    God:    Trog [***...]
Gold:   156        SH:  0    Dex: 11    Spells: 0 memorised, 4 levels left

rFire  . . .     SeeInvis .     g - +2 whip (vamp)
rCold  + . .     Gourm    .     f - +0 scale mail
rNeg   . . .     Faith    .     (no shield)
rPois  .         Spirit   .     l - +1 hat
rElec  .         Reflect  .     (no cloak)
rCorr  .         Harm     .     (no gloves)
MR     .....                    (no boots)
Stlth  ..........               (no amulet)
                                (no ring)
                                e - ring of protection from cold

@: no status effects
A: retaliatory headbutt, horns 2
a: Berserk, Trog's Hand, Burn Spellbooks, Renounce Religion


You were on level 4 of the Dungeon.
You worshipped Trog.
Trog was most pleased with you.
You were not hungry.

You visited 1 branch of the dungeon, and saw 4 of its levels.

You collected 156 gold pieces.

Inventory:

Hand Weapons
 a - a +0 hand axe
 g - a +2 vampiric whip (weapon)
 i - a +3 falchion of flaming
Armour
 f - a +0 scale mail (worn)
 l - a +1 hat (worn)
Jewellery
 e - a ring of protection from cold (left hand)
Scrolls
 b - 4 scrolls of identify
 m - a scroll of remove curse
Potions
 d - 2 potions of flight
 h - a potion of berserk rage {unknown}
 j - a potion of haste
 k - a potion of brilliance {unknown}
 n - a potion of invisibility {unknown}
Comestibles
 c - a meat ration
 o - 3 chunks of flesh
 p - a bread ration


   Skills:
 + Level 4.7 Fighting
 - Level 4.0(4.9) Axes
 * Level 4.2(5.0) Maces & Flails
 + Level 4.2 Armour
 - Level 2.1 Dodging


You had 4 spell levels left.
You didn't know any spells.

Dungeon Overview and Level Annotations

Branches:
Dungeon (4/15)
 Temple: D:4-7

Altars:
Dithmenos
Qazlal
Sif Muna
Yredelemnul


Innate Abilities, Weirdness & Mutations

You reflexively headbutt those who attack you in melee.
You have a pair of horns on your head.


Message History

You now have 156 gold pieces (gained 15).
Found an escape hatch in the ceiling.
As you open the door, it creaks loudly!
You hear a shout!
An ogre comes into view. It is wielding a giant spiked club.
You hit the ogre.
The ogre is lightly wounded.
Your scale mail prevents you from hitting the ogre.
You headbutt the ogre.
The ogre is moderately wounded.
The ogre hits you with a giant spiked club!
You hit the ogre.
The ogre is moderately wounded.
The ogre hits you with a giant spiked club!!
You hit the ogre.
You feel better.
The ogre is heavily wounded.
You hit the ogre.
You feel better.
The ogre is heavily wounded.
The ogre hits you with a giant spiked club!!
Ouch! That really hurt!
You die...

#.............#
#.............#
#..............
#..............
#.....########.
#.....#......
#.....'......
#.....#......
#....@#......
#....O# .....
#.....# .....
#.....# ....
#..<..# ....
#.....# #.....#
#.....#


You could see an ogre.

Vanquished Creatures
  Natasha (twice) (D:3)
  Robin (D:3)
  4 adders
  2 oozes (D:3)
  4 worms
  2 dart slugs (D:1)
  2 leopard geckos
  5 orcs (D:3)
  10 bats
  4 giant cockroaches
  14 hobgoblins
  9 jackals
  6 kobolds
  4 quokkas
  5 ball pythons
  A frilled lizard (D:2)
  5 goblins
  A jackal zombie (D:2)
  8 rats
89 creatures vanquished.

Vanquished Creatures (others)
  A human skeleton (D:2)
1 creature vanquished.

Grand Total: 90 creatures vanquished

Notes
Turn   | Place    | Note
-------+----------+-------------------------------------------
     0 | D:1      | SirGodfroy the Minotaur Berserker began the quest for the Orb.
     0 | D:1      | Reached XP level 1. HP: 19/19 MP: 0/0
   174 | D:1      | Reached XP level 2. HP: 11/27 MP: 1/1
   287 | D:1      | Reached ** piety under Trog
   336 | D:1      | Reached XP level 3. HP: 29/33 MP: 2/2
   615 | D:2      | Reached skill level 1 in Maces & Flails
   672 | D:2      | Found a shadowy altar of Dithmenos.
   921 | D:2      | Reached XP level 4. HP: 36/40 MP: 3/3
   964 | D:2      | Found a runed door.
   964 | D:2      | Noticed a human
   967 | D:2      | Found a basalt altar of Yredelemnul.
  1204 | D:3      | Noticed Robin
  1216 | D:3      | Killed Robin
  1216 | D:3      | Reached *** piety under Trog
  1443 | D:3      | Found a stormy altar of Qazlal.
  1474 | D:3      | Found a deep blue altar of Sif Muna.
  1587 | D:3      | Noticed Natasha
  1597 | D:3      | Killed Natasha
  1597 | D:3      | Reached XP level 5. HP: 40/47 MP: 4/4
  1738 | D:3      | Noticed Natasha
  1745 | D:3      | Killed Natasha
  2044 | D:4      | Noticed an ogre
  2051 | D:4      | Mangled by an ogre

Skill      XL: |  1  2  3  4  5 |
---------------+----------------+-----
Axes           | 4 |  4.0
Armour         | 3 4 |  4.2
Fighting       | 4 |  4.7
Maces & Flails | 2 3 4 |  4.2
Dodging        | |  2.1

Action                   |  1- 3 |  4- 6 || total
-------------------------+-------+-------++-------
Melee: Hand axe          |    15 |       ||    15
       Headbutt          |    13 |    24 ||    37
       Whip              |    65 |   117 ||   182
  Use: Potion            |     3 |     2 ||     5
       Scroll            |     2 |     6 ||     8
  Eat: Bread ration      |     1 |       ||     1
       Chunk             |       |     4 ||     4
Armor: Animal skin       |     7 |       ||     7
       Scale mail        |    12 |    73 ||    85
       Leather armour    |    12 |       ||    12
Dodge: Dodged            |    74 |    80 ||   154
